Arrhythmia, chaotic female vampiric Convict ---- ---- --- --..| |..| --- --.-- ----...--- --...## --.-- |...-- --........-- ----- |...| # |...--------------------|....| |..........| --...-- ##....--- --.....................|-...- ---- --....--.-----.....-.- |...|------. |-....-------..--..--.|...-| --..| --...|--- |.........|--.----.....|#--......| |.|....--../...| |...| |...-- --.........|...| |......|-........| ----.....%.)).-- |.--- ---..----............--- |(...--|........-----------.........-- |^| --.................| ---....| |.........................)...| |.| |...--.-------^..--- |......-----....%..--------------......| |.| --.--------- |....----_@........l.......*.........F| |...|.-- |.| --- |..---........@.....----------..--------.-.-----.--| |.-- ---------.............---..-- --...--- |......| |...| |..--- ---..|.--...............| |..| --......|--......-- |...-- ---....-----..................-...----..-- |.......--........| --...| |............>....................--|....-- --................| --..| -----.|....-------...--...--.....---...|--....| ---........|.|...| ---- |.....|--.-- |.-----..||......|--..| |...-- --.....------.-- |..---- --- --- ------.--.-- ---- ----- ---.--- --- ---- ------ --- Arrhythmia the Jail-bird Experience level: 8 Strength: 18/01 Dexterity: 12 Constitution: 15 Intelligence: 12 Wisdom: 11 Charisma: 7 Health: 0(70) Energy: 49(49) AC: 0 Gold: 151 Moves: 2561 Your Inventory: Coins $ - 151 gold pieces Weapons g - a cursed [+0] dagger [of frost and fumbling] Armor b - a cursed +0 striped shirt (being worn) q - an [uncursed] +0 pair of hard shoes [of cold resistance (iron)] (being worn) y - an [uncursed] +0 dwarvish mithril-coat (being worn) z - an [uncursed] +0 hard hat [dwarvish iron helm] (being worn) A - an [uncursed] +0 hooded cloak [dwarvish] (being worn) Comestibles d - an [uncursed] Hot Futa Mare Dick Scrolls r - a [cursed] scroll labeled READ ME [of destroy armor] v - a [cursed] scroll labeled JUYED AWK YACC [of create monster] w - an [uncursed] scroll labeled VENZAR BORGAVVE [of identify] B - an [uncursed] scroll labeled KERNOD WEL [of charging] Rings x - an [uncursed +1] quartz ring [of protection] Wands u - a [cursed] wand of striking [0:7] Tools s - an [uncursed wax] candle t - an [uncursed] looking glass [mirror] Iron balls c - an [uncursed] heavy iron ball (chained to you) Spells known in the end: Name Level Category Fail Memory Your skills at the end: Fighting Skills Weapon Skills sling [Basic / Skilled] Spellcasting Skills Final Attributes: You were stridently aligned. Hunger level was 135. Your alignment was 5 / 22. Monster difficulty range was 0 - 6. Level difficulty was 5. You were immune to cold. You were immune to poison. You were immune to level-drain. You were immune to sickness. You were punished. You could fly. You could survive without air. You regenerated. Your luck was zero. You are dead. Vanquished creatures: a watchman a yellow light 8 gnome lords 9 dwarves 3 monkeys a wererat 7 killer bees 2 hobbits 2 giant rats a yellow mold a red mold 37 gnomes 3 jackals a fox 5 grid bugs 3 lichens a kobold zombie a newt 87 creatures vanquished. Voluntary challenges: You went without food. You never hit with a wielded weapon. You read items or engraved 3 times. You put on armor 10 times. You never genocided any monsters. You never polymorphed an object. You never changed form. You used no wishes. You abstained from Elbereth's help. You never encountered a bones level. You never used any Sokoban shortcuts. Dungeon overview: The Dungeons of Doom: levels 1 to 2 Level 1 a fountain a long staircase Level 2 stairs to The Gnomish Mines The Gnomish Mines: levels 3 to 6 Level 3 stairs to The Dungeons of Doom Level 5 <- You were here Level 6 a tool shop History has recorded: On T:1 you entered the Dungeons of Doom to retrieve the Amulet of Yendor! On T:625 you reached level 2 of The Dungeons of Doom. On T:672 you advanced to experience level 2. On T:695 you reached level 1 of The Gnomish Mines. On T:698 you advanced to experience level 3. On T:721 you advanced to experience level 4. On T:751 you advanced to experience level 5. On T:1133 you advanced to experience level 6. On T:1219 you reached level 2 of The Gnomish Mines. On T:1539 you reached level 3 of The Gnomish Mines. On T:1542 you advanced to experience level 7. On T:2169 you reached level 4 of The Gnomish Mines. On T:2391 you advanced to experience level 8. Latest messages: [HP+1=10] [HP+1=11] [HP+1=12] As you read the scroll, it disappears. Your hands twitch. [HP+1=13] As you read the scroll, it disappears. [HP+1=14] [HP+1=15] [HP+1=16] You fly onto a level teleport trap! You are momentarily blinded by a flash of light. You shudder for a moment. The watch captain swings her long sword. The watch captain hits! The watch captain swings her long sword. The watch captain hits! You die... Final status: Goodbye Arrhythmia the Convict... You died in The Gnomish Mines on dungeon level 5 with 2206 points, and 151 pieces of gold, after 2561 moves. You were level 8 with a maximum of 70 hit points when you died.